 Dungeon Crawl Stone Soup version 0.30-a0-234-g97d66968fd (webtiles) character file.

Game seed: 6667667060699069493

63307 Morbidden the Zephyrmancer (level 14, -5/115 HPs)
             Began as a Black Draconian Monk on Oct 10, 2022.
             Was the Champion of Cheibriados.
             Slain by a death knight
             ... wielding a +2 glaive
              (26 damage)
             ... on level 15 of the Dungeon.
             The game lasted 00:35:27 (25502 turns).

Morbidden the Zephyrmancer (Black Draconian Monk)  Turns: 25502, Time: 00:35:28

Health: -5/115     AC: 19    Str: 29    XL:     14   Next: 67%
Magic:  20/36      EV: 17    Int: 31    God:    Cheibriados [******]
Gold:   1280       SH: 14    Dex: 24    Spells: 15/31 levels left

rFire   + + +      SeeInvis .    b - +0 long sword (elec)
rCold   . . .      Faith    .    C - +1 kite shield
rNeg    . . .      Spirit   .    (body armour unavailable)
rPois   .          Reflect  .    N - +4 hat of the Bellicose Ant {Harm +Inv rF+++ Dex-4}
rElec   +          Harm     +    v - +2 cloak
rCorr   .          Rampage  .    E - +2 pair of gloves {infuse}
Will    +....                    V - +0 pair of boots
Stlth   +++.......               D - amulet of magic regeneration
HPRegen 0.39/turn                K - +4 ring of slaying
MPRegen 0.65/turn                H - ring of magical power

@: about to teleport, flying, very slow
A: breathe lightning, AC +8, unfitting armour, big wings, electricity
resistance, cold-blooded
a: Breathe Lightning, Renounce Religion, Evoke Invisibility, Bend Time, Temporal
Distortion, Slouch, Step From Time


You were on level 15 of the Dungeon.
You worshipped Cheibriados.
Cheibriados was exalted by your worship.
You visited 2 branches of the dungeon, and saw 20 of its levels.

You collected 1406 gold pieces.
You spent 126 gold pieces at shops.

Inventory:

Hand Weapons
 a - a +2 dagger of venom
 b - a +0 long sword of electrocution (weapon)
 p - a +0 short sword of holy wrath
Missiles
 j - 3 javelins
 k - 5 curare-tipped darts
 o - 122 stones
 F - 45 poisoned darts
Armour
 v - a +2 cloak (worn)
 C - a +1 kite shield (worn)
 E - a +2 pair of gloves of infusion (worn)
 N - the +4 hat of the Bellicose Ant (worn) {Harm +Inv rF+++ Dex-4}
   (You acquired it on level 10 of the Dungeon)

   Dex:       It affects your dexterity (-4).
   rF:        It renders you almost immune to fire.
   +Inv:      It lets you turn invisible.
   Harm:      It increases damage dealt and taken.
 V - a +0 pair of boots (worn)
Jewellery
 u - a ring of fire
 y - an amulet of reflection
 D - an amulet of magic regeneration (around neck)
 H - a ring of magical power (right hand)
 J - a ring of ice
 K - a +4 ring of slaying (left hand)
 R - a ring of ice
 W - a ring of magical power
Wands
 l - a wand of iceblast (34)
 s - a wand of digging (7)
 t - a wand of mindburst (9)
 A - a wand of polymorph (11)
 O - a wand of charming (8)
 S - a wand of acid (4)
Scrolls
 d - 5 scrolls of identify
 e - 9 scrolls of magic mapping
 g - 2 scrolls of teleportation
 h - 3 scrolls of blinking
 i - 4 scrolls of immolation
 m - a scroll of enchant armour
 x - 2 scrolls of vulnerability
 I - 2 scrolls of fear
 M - a scroll of summoning
 Q - 2 scrolls of butterflies
 U - 2 scrolls of amnesia
Potions
 c - 6 potions of mutation
 f - 5 potions of curing
 n - 5 potions of heal wounds
 q - 7 potions of brilliance
 r - 2 potions of ambrosia
 w - 2 potions of resistance
 z - 5 potions of lignification
 B - 3 potions of attraction
 P - 2 potions of cancellation
 T - 4 potions of might
 X - a potion of invisibility
 Y - a potion of magic
 Z - 2 potions of berserk rage
Miscellaneous
 G - a lightning rod (2/4)
 L - a box of beasts (inert)


   Skills:
 * Level 8.3 Fighting
 + Level 7.8(7.9) Short Blades
 + Level 0.6(4.9) Long Blades
 + Level 1.0 Throwing
 * Level 8.1 Dodging
 + Level 5.0 Stealth
 * Level 8.9 Shields
 * Level 6.2 Unarmed Combat
 * Level 9.3 Spellcasting
 * Level 6.9 Conjurations
 * Level 7.2 Translocations
 * Level 3.3 Transmutations
 + Level 3.0 Fire Magic
 * Level 11.3 Air Magic
 * Level 7.4 Invocations
 * Level 6.0 Evocations


You had 15 spell levels left.
You knew the following spells:

 Your Spells              Type           Power      Damage    Failure   Level
a - Airstrike             Air            35%        2d(6-22)  1%          4
b - Kindle Blastsparks    Fire/Tloc/Air  100%       2d18      1%          3
c - Blade Hands           Tmut           17%        N/A       50%         5
z - Iskenderun's Mystic   Conj/Tloc      55%        2d12      4%          4

Your spell library contained the following spells:

 Spells                   Type           Power      Damage    Failure   Level
 Foxfire                  Conj/Fire      100%       2x1d9     1%          1
 Poisonous Vapours        Pois/Air       98%        N/A       1%          2
 Cigotuvi's Dreadful Rot  Necr/Pois/Air  74%        N/A       2%          2
 Sting                    Tmut/Pois      96%        1d7       4%          1
 Passage of Golubria      Tloc           56%        N/A       4%          4
 Lightning Bolt           Conj/Air       31%        1d48      5%          5
 Passwall                 Tmut/Erth      20%        N/A       6%          2
 Dazzling Flash           Conj/Hex       72%        N/A       6%          3
 Stone Arrow              Conj/Erth      72%        3d11      6%          3
 Summon Lightning Spire   Summ/Air       49%        N/A       8%          4
 Necrotise                Necr           56%        1d6       9%          1
 Sandblast                Erth           28%        2d8       9%          1
 Ignite Poison            Fire/Tmut/Pois 27%        N/A       11%         3
 Freezing Cloud           Conj/Ice/Air   25%        6-21      19%         5
 Tukima's Dance           Hex            14%        N/A       24%         3
 Vampiric Draining        Necr           14%        2d7       24%         3
 Fireball                 Conj/Fire      22%        3d10      28%         5
 Dispel Undead            Necr           14%        3d10      63%         4
 Leda's Liquefaction      Hex/Erth       7%         N/A       63%         4
 Olgreb's Toxic Radiance  Pois           14%        N/A       63%         4
 Yara's Violent Unravell  Hex/Tmut       12%        3d7       75%         5
 Starburst                Conj/Fire      22%        6d8       85%         6
 Agony                    Necr           14%        N/A       92%         5
 Lee's Rapid Deconstruct  Erth           7%         3d7*      92%         5
 Iron Shot                Conj/Erth      18%        9d4       97%         6
 Statue Form              Tmut/Erth      16%        N/A       99%         6
 Death Channel            Necr           7%         N/A       100%        6
 Animate Armour           Summ/Erth      Unusable   N/A       N/A         4

Dungeon Overview and Level Annotations

Branches:
Dungeon (15/15)            Temple (0/1) D:6            Lair (5/5) D:11
  Swamp (0/4) Lair:3       Spider (0/4) Lair:3        Slime (0/5) Lair:5
    Orc (0/2) D:10         Vaults (0/5) D:13
 Depths: D:15

Altars:
Ashenzari
Cheibriados
Dithmenos
Elyvilon
Fedhas
Hepliaklqana
Kikubaaqudgha
Nemelex Xobeh
Qazlal
Trog
Wu Jian
Xom
Yredelemnul
Zin

Shops:
D:7 [   D:11 [

Annotations:
D:4 Grinder
D:10 2 transporters, flt's ghost, journeyman DgTm
D:11 3 runed translucent doors
D:15 exclusion: death knight
Lair:1 2 transporters, iamserjio's ghost, journeyman OpCK


Innate Abilities, Weirdness & Mutations

You can breathe wild blasts of lightning.
Your glossy black scales are hard. (AC +8)
You cannot fit into any form of body armour.
Your large and strong wings let you fly.
You are resistant to electric shocks. (rElec)
You are cold-blooded and may be slowed by cold attacks.


Message History

Press: ? - help, Dir - move target, f/p - manticore
Aim: a manticore (moderately wounded, empty space bonus: 3/8)
The air twists around and strikes the manticore!
The manticore is heavily wounded.
You carefully extract the barbed spikes from your body.
Unknown command.
Casting: Airstrike (mildly dangerous; 1% risk of failure)
Confirm with . or Enter, or press ? or * to list all spells.
Aiming: Airstrike (mildly dangerous; 1% risk of failure)
Press: ? - help, Dir - move target, f/p - manticore
Aim: a manticore (heavily wounded, empty space bonus: 4/8)
The air twists around and strikes the manticore!
The manticore is almost dead.
Unknown command.
Casting: Airstrike (mildly dangerous; 1% risk of failure)
Confirm with . or Enter, or press ? or * to list all spells.
Aiming: Airstrike (mildly dangerous; 1% risk of failure)
Press: ? - help, Dir - move target, f/p - manticore
Aim: a manticore (almost dead, empty space bonus: 3/8)
The air twists around and strikes the manticore!
You kill the manticore!
Cheibriados appreciates the change of pace.
The death knight calls down the wrath of Yredelemnul upon you.
Your body is wracked with pain!
Ouch! That really hurt!
Unknown command.
The death knight hits you but does no damage.
Okay, then.
Unknown command.
Unknown command.
Okay, then.
As you read the scroll of teleportation, it crumbles to dust.
You feel strangely unstable.
The death knight calls down the wrath of Yredelemnul upon you.
Your body is wracked with pain!
* * * LOW HITPOINT WARNING * * *
Unknown command.
Unknown command.
The death knight hits you from afar with a +2 glaive!!
You die...

....))........# .#! ...
..............# .. ....
...[..........# .#.....
###...#######.#####p......
#...# #.......# #...#
####.#### ###...### #p#
#.......# #####.######}
#.#...#.# #....@.......
#.#...#.####.#.#.##<.... #
#..##.##...#..........
#.......:#####.##.....
.....##.##...# .... ....
.............# ##### ###
###.####.##.... #.# #####
#..


You could see a death knight.

Vanquished Creatures
  Kirke (Lair:3)
  Nessos (D:13)
  Snorg (D:14)
  A merfolk avatar (Lair:5)
  2 hydras
  An ogre mage (D:15)
  A catoblepas (D:9)
  6 two-headed ogres
  3 centaur warriors
  2 tengu warriors
  A boulder beetle (D:8)
  Sonja (D:13)
  2 skeletal warriors (D:14)
  A sea snake (Lair:5)
  A swamp dragon (Lair:3)
  Pikel (D:5)
  2 necromancers (D:13)
  A wizard (D:13)
  An orc knight (D:14)
  A harpy (Lair:5)
  A phantasmal warrior (D:13)
  A deep elf pyromancer (D:13)
  3 cyclopes (D:14)
  2 manticores
  6 elephants (Lair:5)
  Joseph (D:10)
  A torpor snail (Lair:1)
  2 black mambas
  2 gargoyles
  8 cane toads
  3 rime drakes
  An unseen horror (D:13)
  A tengu conjurer (D:13)
  7 komodo dragons
  A freezing wraith (D:14)
  A hornet (Lair:5)
  A raiju (shapeshifter) (D:15)
  12 trolls
  6 blink frogs
  Prince Ribbit (D:9)
  2 dream sheep (Lair:1)
  8 slime creatures
  2 shadows
  3 vampires
  A jumping spider (Lair:3)
  5 hogs (Lair:3)
  6 water elementals (D:13)
  8 wyverns
  72 yaks
  3 wraiths
  Eustachio (D:4)
  5 vampire mosquitoes
  4 steam dragons
  2 redbacks (Lair:3)
  Menkaure (D:7)
  A warg (D:14)
  A naga (shapeshifter) (D:14)
  2 acid dragons
  Duvessa (D:7)
  7 orc warriors
  19 water moccasins
  2 ice beasts
  3 sky beasts
  6 ogres
  4 black bears
  27 wolves
  5 centaurs
  3 kobold brigands
  4 lemures (D:5)
  4 bullfrogs
  A necrophage (D:5)
  2 scorpions
  7 wights
  Dowan (D:7)
  11 killer bees (D:9)
  2 electric eels
  8 howler monkeys
  3 hounds (D:6)
  2 jellies
  Crazy Yiuf (D:3)
  5 iguanas
  4 orc priests
  6 hell rats (Lair:3)
  9 orc wizards
  Natasha (thrice) (D:4)
  5 adders
  7 gnolls
  2 ufetubi (D:5)
  3 worms (D:2)
  6 dart slugs
  52 orcs
  3 bats
  5 endoplasms
  A giant cockroach (D:1)
  6 goblins
  7 hobgoblins
  2 jackals (D:1)
  11 kobolds
  8 quokkas
  5 ball pythons (D:1)
  2 frilled lizards
  2 rats (D:1)
496 creatures vanquished.

Vanquished Creatures (collateral kills)
  A death knight (D:14)
  A cane toad (Lair:5)
  A slime creature (D:14)
  A howler monkey (D:9)
4 creatures vanquished.

Vanquished Creatures (others)
  A human (D:5)
  A wight (D:9)
  A bush (Lair:2)
  36 fungi
  47 plants
86 creatures vanquished.

Grand Total: 586 creatures vanquished

Notes
Turn   | Place    | Note
-------+----------+-------------------------------------------
     0 | D:1      | Morbidden the Draconian Monk began the quest for the Orb.
     0 | D:1      | Reached XP level 1. HP: 19/19 MP: 1/1
    99 | D:1      | Reached XP level 2. HP: 11/26 MP: 2/2
   110 | D:1      | HP: 1/26 [quokka (1)]
   396 | D:1      | Found a faded altar of an unknown god.
   761 | D:1      | Reached XP level 3. HP: 31/33 MP: 4/4
  1823 | D:2      | Reached XP level 4. HP: 40/40 MP: 5/5
  2012 | D:3      | Reached skill level 1 in Spellcasting
  2762 | D:3      | Found a snail-covered altar of Cheibriados.
  2781 | D:3      | Became a worshipper of Cheibriados the Contemplative
  2781 | D:3      | Reached * piety under Cheibriados
  2781 | D:3      | Reached ** piety under Cheibriados
  3058 | D:3      | Found a runed translucent door.
  3059 | D:3      | Noticed Crazy Yiuf
  3066 | D:3      | Killed Crazy Yiuf
  3143 | D:4      | Noticed Grinder
  3163 | D:4      | Noticed a scorpion
  3191 | D:4      | Noticed Eustachio
  3203 | D:4      | Killed Eustachio
  3204 | D:4      | Reached skill level 1 in Short Blades
  3204 | D:4      | Reached skill level 1 in Invocations
  3204 | D:4      | Reached XP level 5. HP: 24/46 MP: 7/7
  3204 | D:4      | Reached XP level 6. HP: 27/52 MP: 8/8
  3408 | D:4      | Learned a level 3 spell: Kindle Blastsparks
  3517 | D:4      | Found a basalt altar of Yredelemnul.
  3529 | D:4      | Found a stormy altar of Qazlal.
  3549 | D:4      | Found a shimmering altar of Xom.
  3700 | D:4      | Noticed Natasha
  3709 | D:4      | Killed Natasha
  3710 | D:4      | Your scales start taking on a glossy black colour.
  3710 | D:4      | Reached XP level 7. HP: 53/60 MP: 8/10
  3710 | D:4      | Gained mutation: You are resistant to electric shocks.
                  | (rElec) [Black Draconian growth]
  3770 | D:4      | Noticed Natasha
  3777 | D:4      | Killed Natasha
  4030 | D:4      | Noticed Natasha
  4037 | D:4      | Killed Natasha
  4045 | D:4      | Learned a level 4 spell: Iskenderun's Mystic Blast
  4052 | D:5      | Entered Level 5 of the Dungeon
  4074 | D:5      | Reached skill level 1 in Air Magic
  4200 | D:5      | Noticed Pikel
  4249 | D:5      | Killed Pikel
  4250 | D:5      | Reached skill level 1 in Conjurations
  4250 | D:5      | Reached skill level 1 in Translocations
  4250 | D:5      | Reached skill level 1 in Fire Magic
  4250 | D:5      | Reached skill level 2 in Air Magic
  4250 | D:5      | Reached XP level 8. HP: 59/67 MP: 10/12
  4272 | D:5      | Reached *** piety under Cheibriados
  4399 | D:5      | Reached skill level 1 in Shields
  4616 | D:5      | Found an ancient bone altar of Kikubaaqudgha.
  4678 | D:5      | Reached skill level 5 in Fighting
  5019 | D:6      | Reached skill level 5 in Short Blades
  5056 | D:6      | Found a blossoming altar of Fedhas.
  5060 | D:6      | Reached XP level 9. HP: 74/74 MP: 13/13
  5065 | D:6      | Learned a level 4 spell: Airstrike
  5454 | D:6      | Reached **** piety under Cheibriados
  5494 | D:6      | Found a staircase to the Ecumenical Temple.
  5645 | D:6      | Found an ornate altar of the Wu Jian Council.
  5923 | D:7      | Noticed Menkaure
  6189 | D:7      | Found a sparkling altar of Nemelex Xobeh.
  6191 | D:7      | Found Tiog's Armour Emporium.
  6199 | D:7      | Bought a +0 pair of gloves of infusion for 126 gold pieces
  6370 | D:7      | Killed Menkaure
  6467 | D:7      | Reached skill level 5 in Dodging
  6570 | D:7      | Reached skill level 3 in Air Magic
  6682 | D:7      | Noticed Duvessa
  6691 | D:7      | Killed Duvessa
  6692 | D:7      | Noticed Dowan
  6700 | D:7      | Killed Dowan
  7352 | D:8      | Noticed a boulder beetle
  7367 | D:8      | Killed a boulder beetle
  7368 | D:8      | Reached XP level 10. HP: 65/83 MP: 9/16
  7568 | D:8      | Found a shadowy altar of Dithmenos.
  7918 | D:9      | Noticed Prince Ribbit
  7932 | D:9      | Killed Prince Ribbit
  8019 | D:9      | Noticed a two-headed ogre
  8302 | D:9      | Reached skill level 4 in Air Magic
  8668 | D:9      | Reached ***** piety under Cheibriados
  8674 | D:9      | Found a broken altar of Ashenzari.
  8976 | D:9      | Reached skill level 5 in Shields
  9062 | D:9      | Reached skill level 1 in Evocations
  9346 | D:9      | Noticed a centaur warrior
  9351 | D:9      | Killed a centaur warrior
  9465 | D:9      | Noticed a catoblepas
  9485 | D:9      | Killed a catoblepas
  9486 | D:9      | Reached XP level 11. HP: 52/89 MP: 6/17
  9801 | D:9      | Killed a two-headed ogre
 10372 | D:10     | Entered Level 10 of the Dungeon
 10389 | D:10     | Noticed flt's ghost (journeyman DgTm)
 10448 | D:10     | Found a glowing silver altar of Zin.
 10469 | D:10     | Found a transporter.
 10487 | D:10     | Found a transporter.
 10844 | D:10     | Reached skill level 1 in Throwing
 10844 | D:10     | Reached skill level 5 in Invocations
 11133 | D:10     | Found a white marble altar of Elyvilon.
 11141 | D:10     | Noticed Joseph
 11150 | D:10     | Killed Joseph
 11172 | D:10     | Reached skill level 5 in Spellcasting
 11292 | D:10     | Identified a scroll of acquirement
 11293 | D:10     | Acquired the +4 hat of the Bellicose Ant {Harm +Inv rF+++
                  | Dex-4}
 11323 | D:10     | Found a staircase to the Orcish Mines.
 11578 | D:10     | Reached skill level 5 in Translocations
 11714 | D:10     | Found a hazy altar of Hepliaklqana.
 12080 | D:11     | Found a runed translucent gate.
 12080 | D:11     | Found a runed translucent gate.
 12080 | D:11     | Noticed a glowing orange brain
 12081 | D:11     | Found a runed translucent gate.
 12082 | D:11     | Noticed a cyan ugly thing
 12082 | D:11     | Noticed a green ugly thing
 12083 | D:11     | Noticed a green ugly thing
 12083 | D:11     | Noticed an orb spider
 12083 | D:11     | Noticed a brown ugly thing
 12083 | D:11     | Noticed a green ugly thing
 12084 | D:11     | Noticed a purple ugly thing
 12084 | D:11     | an orb spider changed into a shock serpent
 12084 | D:11     | Noticed a shock serpent (glowing shapeshifter)
 12092 | D:11     | a shock serpent changed into a glowing orange brain
 12092 | D:11     | Noticed a glowing orange brain (glowing shapeshifter)
 12094 | D:11     | Reached skill level 5 in Air Magic
 12096 | D:11     | a glowing orange brain changed into an anaconda
 12096 | D:11     | Noticed an anaconda (glowing shapeshifter)
 12245 | D:11     | Noticed a two-headed ogre
 12251 | D:11     | Killed a two-headed ogre
 12609 | D:11     | Found a staircase to the Lair.
 12987 | D:11     | Found Vishabakagh's Dragon-Slaying Spoils.
 13114 | D:11     | Noticed a two-headed ogre
 13121 | D:11     | Killed a two-headed ogre
 13122 | D:11     | Reached skill level 6 in Air Magic
 13367 | Lair:1   | Entered Level 1 of the Lair of Beasts
 13369 | Lair:1   | Reached ****** piety under Cheibriados
 13390 | Lair:1   | Reached XP level 12. HP: 75/97 MP: 2/21
 13653 | Lair:1   | Reached skill level 7 in Air Magic
 13918 | Lair:1   | Noticed iamserjio's ghost (journeyman OpCK)
 13922 | Lair:1   | Found a bloodstained altar of Trog.
 14083 | Lair:1   | Found a transporter.
 14089 | Lair:1   | Found a transporter.
 14659 | Lair:1   | You fall into a shaft and drop 1 floor!
 14682 | Lair:2   | Reached skill level 5 in Conjurations
 15091 | Lair:2   | Reached skill level 8 in Air Magic
 16035 | Lair:3   | Learned a level 5 spell: Blade Hands
 16169 | Lair:3   | Noticed Kirke
 16705 | Lair:3   | Found a hole to the Spider Nest.
 16763 | Lair:3   | Found a staircase to the Swamp.
 16870 | Lair:3   | Reached XP level 13. HP: 103/105 MP: 20/23
 17599 | Lair:3   | Killed Kirke
 17860 | Lair:4   | Reached skill level 9 in Air Magic
 17994 | Lair:4   | Reached skill level 1 in Transmutations
 18209 | Lair:4   | Reached skill level 5 in Unarmed Combat
 18209 | Lair:4   | Reached skill level 5 in Evocations
 18902 | Lair:5   | Entered Level 5 of the Lair of Beasts
 18993 | Lair:5   | Found a staircase to the Slime Pits.
 19537 | Lair:5   | Reached skill level 10 in Air Magic
 20115 | Lair:5   | Identified the +11 falchion of Moderation {antimagic, rF-
                  | Int+5 Dex+2}
 21269 | D:12     | Gained mutation: Your large and strong wings let you fly.
                  | [Black Draconian growth]
 21269 | D:12     | Reached XP level 14. HP: 112/114 MP: 26/26
 21980 | D:13     | Reached skill level 5 in Stealth
 22960 | D:13     | Noticed Nessos
 22965 | D:13     | Killed Nessos
 23117 | D:13     | Noticed Sonja
 23120 | D:13     | Killed Sonja
 23370 | D:13     | Found a gate to the Vaults.
 24050 | D:14     | Reached skill level 11 in Air Magic
 24710 | D:14     | Noticed Snorg
 24715 | D:14     | Killed Snorg
 25166 | D:15     | Entered Level 15 of the Dungeon
 25502 | D:15     | Slain by a death knight

Illustrated notes

Levels and vault maps discovered:
D:1:      wander_arrival_fairy_ring, layout_basic,
          hellmonk_ecumenical_altar_run_dry
D:2:      layout_basic
D:3:      layout_basic, mainiacjoe_overflow_brackets, guppyfry_early_orc_mine,
          uniq_crazy_yiuf_cottage
D:4:      layout_basic, mainiacjoe_overflow_tiny_flanked,
          mainiacjoe_overflow_large_starburst, uniq_natasha, uniq_grinder,
          uniq_eustachio
D:5:      layout_loops_ring, tgw_kikubaaqudgha, nrook_campfire, uniq_pikel
D:6:      layout_basic, fedhas_altar_1, pdpol_wu_jian_five_deadly_venoms,
          temple_green
D:7:      layout_gridville, nemelex_xobeh_ov_fountains_minmay, serial_shops,
          shop, uniq_duvessa, uniq_menkaure
D:8:      layout_gridville, mainiacjoe_overflow_24_doors
D:9:      minmay_ornate_pinched, layout_cave_pools,
          nicolae_overflow_crystal_walls, uniq_prince_ribbit1
D:10:     layout_gridville, nicolae_hepliaklqana_hippocampus, zin_treasury,
          mainiacjoe_overflow_surrounded_room, orc_0_dummy, special_room
          [special_room_orc], gammafunk_ghost_berserking_beasts, uniq_joseph
D:11:     layout_roguey, lair_entry_dummy,
          ploomutoo_gammafunk_ghost_potion_laboratory, nicolae_shop_dragon_depot
D:12:     layout_stronghold
D:13:     layout_basic, david_vaults_1, uniq_nessos, uniq_sonja
D:14:     layout_loops_corners, corexii_leaking_fountain, uniq_snorg
D:15:     grunt_enter_depths_hoard, layout_loops_cross
Lair:1:   layout_layer_cave, gammafunk_ghost_wrathful_warriors,
          grunt_forest_large_clearings
Lair:2:   layout_small_grid, small_statue_intersection
Lair:3:   layout_cave_pods, minmay_swamp_entry_reptiles, spider_nest_entry_a,
          uniq_kirke
Lair:4:   layout_regular_city, infiniplex_staircase_pool, grunt_megastairs_1
Lair:5:   gammafunk_lair_ancient_temple, layout_gridlike, slime_entry_1,
          st_stairs_8, lemuel_another_geyser

Skill      XL: |  1  2  3  4  5  6  7  8  9 10 11 12 13 14 |
---------------+-------------------------------------------+-----
Dodging        | 3 4 5 6 7 8 |  8.1
Spellcasting   | 1 2 3 4 6 7 8 9 |  9.3
Fighting       | 4 5 6 7 8 |  8.3
Stealth        | 2 3 4 5 |  5.0
Short Blades   | 1 2 3 5 6 7 |  7.8
Unarmed Combat | 4 5 6 |  6.2
Invocations    | 1 2 3 4 5 6 7 |  7.4
Air Magic      | 2 3 4 6 8 10 11 | 11.3
Conjurations   | 1 2 4 5 6 |  6.9
Translocations | 1 2 3 4 5 6 7 |  7.2
Fire Magic     | 1 2 3 |  3.0
Shields        | 2 4 5 6 7 8 |  8.9
Evocations     | 2 3 4 5 6 |  6.0
Throwing       | 1 |  1.0
Transmutations | 2 3 |  3.3
Long Blades    | |  0.6

Action                   |  1- 3 |  4- 6 |  7- 9 | 10-12 | 13-15 || total
-------------------------+-------+-------+-------+-------+-------++-------
Melee: Unarmed           |   120 |       |       |    14 |       ||   134
       Tailslap          |    14 |    18 |    51 |    88 |    68 ||   239
       Punch             |     5 |       |     3 |       |       ||     8
       Dagger            |       |    76 |   282 |   449 |   225 ||  1032
       Long sword        |       |       |       |       |    42 ||    42
Throw: Stone             |     3 |       |    16 |     9 |       ||    28
       Dart              |       |       |       |    25 |       ||    25
       Javelin           |       |       |       |     3 |       ||     3
 Cast: Kindle Blastspark |       |       |       |    12 |     1 ||    13
       Airstrike         |       |       |       |    97 |   199 ||   296
       Iskenderun's Myst |       |       |       |    11 |    28 ||    39
Invok: Slouch            |       |       |       |     6 |     1 ||     7
 Abil: Breathe Lightning |       |       |     8 |     5 |     3 ||    16
Evoke: Lightning rod     |       |       |       |     4 |     5 ||     9
       Box of beasts     |       |       |       |     2 |     2 ||     4
  Use: Scroll            |       |       |     9 |    14 |    18 ||    41
       Potion            |       |       |       |     6 |     1 ||     7
 Stab: Sleeping          |     2 |     8 |    10 |     1 |     3 ||    24
       Distracted        |       |       |     2 |       |     1 ||     3
       Petrified         |       |       |       |     1 |       ||     1
Armor: Skin              |    37 |    24 |    68 |   114 |    65 ||   308
Dodge: Dodged            |    64 |    39 |    93 |   261 |   132 ||   589
Block: Other             |       |       |    18 |       |       ||    18
       Reflection        |       |       |     7 |    11 |       ||    18
       Kite shield       |       |       |   157 |   438 |   187 ||   782

Table legend: (Time is in decaauts)
 A = Elapsed time spent in this place.
 B = Non-inter-level travel time spent in this place.
 C = Inter-level travel time spent in this place.
 D = Time resting spent in this place.
 E = Time spent auto-exploring this place.
 F = Levels seen in this place.
 G = Mean time per level.
                   A        B        C        D        E       F      G
               +--------+--------+--------+--------+--------+-----+--------+
         Total |  36385 |  34771 |   1614 |   4264 |  26358 |  20 | 1819.2 |
       Dungeon |  25217 |  23918 |   1299 |   3133 |  17781 |  15 | 1681.1 |
          Lair |  11168 |  10853 |    315 |   1131 |   8576 |   5 | 2233.6 |
               +--------+--------+--------+--------+--------+-----+--------+

Top non-repeatable levels by time:
    D:13: 2741 daAuts
  Lair:3: 2726 daAuts
     D:9: 2497 daAuts
  Lair:5: 2482 daAuts
    D:10: 2265 daAuts
    D:12: 2246 daAuts
    D:11: 2168 daAuts
  Lair:2: 2159 daAuts
    D:14: 2115 daAuts
  Lair:1: 1980 daAuts
     D:6: 1920 daAuts
     D:8: 1899 daAuts
  Lair:4: 1819 daAuts
     D:4: 1321 daAuts
     D:3: 1291 daAuts
